 Dungeon Crawl Stone Soup version 0.27-a0-1071-ga85bd9520d (webtiles) character file.

Game seed: 14709034428373189828

128 spiderkeys the Ducker (level 5, -2/58 HPs)
             Began as a Djinni Fire Elementalist on Apr 24, 2021.
             Slain by a killer bee (3 damage)
             ... on level 1 of the Dungeon.
             The game lasted 00:04:22 (1649 turns).

spiderkeys the Ducker (Djinni Fire Elementalist)    Turns: 1649, Time: 00:04:23

Health: -2/58      AC: 22    Str:  7    XL:     5   Next: 11%
Gold:   67         EV:  2    Int: 17    God:
                   SH:  0    Dex: 14

rFire    . . .     SeeInvis .   h - +3 dagger (elec)
rCold    . . .     Faith    .   (no shield)
rNeg     + + +     Spirit   .   (armour currently unavailable) rPois โˆž Reflect .
                                (helmet currently unavailable)
rElec    .         Harm     .   (cloak currently unavailable)
rCorr    .         Rampage  .   (gloves currently unavailable)
Will     .....     NoTele   +   (boots unavailable)
Stlth    ++........             (no amulet)
HPRegen  0.19/turn              (no ring)
MPRegen  0.00/turn              (no ring)

@: tree-form
A: stationary, stasis, torment immunity, boosted hp, (fire resistance 2), (cold
vulnerability 1), float, innate caster, hp casting, extra vitality 1
a: no special abilities


You were on level 1 of the Dungeon.
You were a tree.
You visited 1 branch of the dungeon, and saw 2 of its levels.

You collected 67 gold pieces.


Innate Abilities, Weirdness & Mutations

You are a tree.
Your roots penetrate the ground, keeping you stationary.
You cannot be teleported.
You are immune to unholy pain and torment.
Your maximum health is greatly increased.
Your equipment is partially melded.
You are immune to poison.
((Your flesh is very heat resistant. (rF++)))
((You are vulnerable to cold. (rC-)))
You float through the air rather than walking.
You learn spells naturally, not from books.
Your magical power is your life essence.
You have superior vitality. (+4 HP)


   Skills:
 + Level 2.4 Fighting
 + Level 3.7 Dodging
 - Level 1.5 Stealth
 + Level 3.5 Spellcasting


You couldn't memorise any spells.
You knew the following spells:

 Your Spells              Type           Power      Damage    Failure   Level
a - Foxfire               Conj/Fire      56%        2x1d6     4%          1
b - Beastly Appendage     Tmut           28%        N/A       4%          1
c - Conjure Flame         Conj/Fire      14%        6-21      12%         3
e - Fireball              Conj/Fire      7%         3d5       73%         5
r - Inner Flame           Hex/Fire       14%        N/A       12%         3
y - Sticky Flame          Conj/Fire      14%        2d4       36%         4
B - Blink                 Tloc           N/A        N/A       6%          2
Your spell library was empty.

Inventory:

Hand Weapons
 b - a +0 spear
   (You found it on level 1 of the Dungeon)
 h - a +3 dagger of electrocution (weapon)
   (You took it off a goblin on level 1 of the Dungeon)
Missiles
 c - 40 sling bullets
 d - 41 arrows
 e - 16 bolts
 f - 2 javelins
 i - 23 stones
Armour
 a - a +0 robe (melded)

Dungeon Overview and Level Annotations

Branches:
Dungeon (2/15)

Altars:

######### #### #.......#
#...
#.......############.##
#.ยง.....'..............
#.......############'##
#..........##..........
##+###.###.##..........
##...yy###.............
#.....โ™ฃ.....#..........
#...........#..........
#...........#..........
##.####################
#.# #... #.#
#############
#.########........####
#..........######.....
############....######


You could see 2 killer bees.


Message History

Key pressed, stopping explore.
Found a stone staircase leading down. ๐Ÿ˜Ž HP[+2]
Your hp is fully restored (39).
Unknown command. 4 killer bees come into view.
The killer bee buzzes angrily. x2; You hear a shout!
A killer bee comes into view.
The killer bee moves out of view. x2
Casting: Foxfire (safe; 4% risk of failure)
Confirm with . or Enter, or press ? or * to list all spells.
You conjure some foxfire!
The killer bee buzzes angrily.
You hear an angry buzzing noise.
A kobold comes into view.
It is wielding a +0 short sword. ๐Ÿ˜• HP[-1]
You take 1 damage, and now have 38/39 hp.
Casting: Foxfire (safe; 4% risk of failure)
Confirm with . or Enter, or press ? or * to list all spells.
You conjure some foxfire!
The foxfire hits the killer bee.
The foxfire hits the killer bee but does no damage.
A killer bee comes into view.
The foxfire hits the killer bee.
A quokka comes into view. ๐Ÿ˜• HP[-1]
You take 1 damage, and now have 37/39 hp.
The foxfire hits the killer bee.
The killer bee stings you. ๐Ÿ˜• HP[-2]
You take 2 damage, and now have 35/39 hp.
Casting: Foxfire (safe; 4% risk of failure)
Confirm with . or Enter, or press ? or * to list all spells.
You conjure some foxfire!
The foxfire hits the killer bee.
The killer bee completely misses you. The killer bee misses you. ๐Ÿ˜• HP[-1]
You take 1 damage, and now have 34/39 hp.
You barely miss the killer bee. The killer bee stings you.
The killer bee closely misses you. The killer bee barely misses you.
The killer bee stings you. ๐Ÿ˜ฎ HP[-8]
You take 8 damage, and now have 26/39 hp.
MASSIVE DAMAGE!! (PAUSE)
The foxfire hits the killer bee.
The killer bee barely misses you.
A giant cockroach comes into view.
The killer bee closely misses you. The killer bee barely misses you.
The killer bee stings you. ๐Ÿ˜ฎ HP[-2]
You take 2 damage, and now have 24/39 hp.
The killer bee stings you!
* * * LOW HITPOINT WARNING * * *
The killer bee barely misses you. x2 ๐Ÿ˜จ HP[-8]
You take 8 damage, and now have 16/39 hp.
MASSIVE DAMAGE!! (PAUSE)
The killer bee stings you!
* * * LOW HITPOINT WARNING * * *
๐Ÿ˜ฑ HP[-7]
You take 7 damage, and now have 9/39 hp.
The killer bee stings you.
* * * LOW HITPOINT WARNING * * *
๐Ÿ˜ฑ HP[-5]
You take 5 damage, and now have 4/39 hp.
The killer bee misses you.
There is a stone staircase leading up here. ๐Ÿ˜ฑ HP[+1]
The killer bee barely misses you. The killer bee closely misses you. x2
The killer bee stings you but does no damage.
You fly upwards.
There is a stone staircase leading down here.
Casting: Foxfire (safe; 4% risk of failure)
Confirm with . or Enter, or press ? or * to list all spells.
You blink.
* * * LOW HITPOINT WARNING * * *
๐Ÿ˜ฑ HP[-2]
You take 2 damage, and now have 3/39 hp.
Casting: Blink (safe; 6% risk of failure)
Confirm with . or Enter, or press ? or * to list all spells.
You blink.
* * * LOW HITPOINT WARNING * * *
๐Ÿ˜ฑ HP[-2]
You take 2 damage, and now have 1/39 hp.
You aren't carrying any scrolls.
It was a potion of lignification.
You turn into a tree.
Your +0 robe melds into your body.
Your roots penetrate the ground. ๐Ÿ˜ฑ HP[+1]
You now have 58 max hp (+19).
Casting: Blink (safe; 6% risk of failure)
Confirm with . or Enter, or press ? or * to list all spells.
Okay, then.
The killer bee stings you but does no damage.
You miss the killer bee.
The killer bee stings you but does no damage. x4
You closely miss the killer bee. The killer bee stings you.
* * * LOW HITPOINT WARNING * * *
The killer bee stings you but does no damage. x3 ๐Ÿ˜ฑ HP[-1]
You take 1 damage, and now have 1/58 hp.
You miss the killer bee.
The killer bee stings you but does no damage.
The killer bee stings you.
You die...

Skill      XL: |  1  2  3 |
---------------+----------+-----
Fighting       | 1 2 |  2.4
Spellcasting   | 3 |  3.5
Dodging        | 3 |  3.7
Stealth        | |  1.5

Action                   |  1- 3 |  4- 6 || total
-------------------------+-------+-------++-------
Melee: Spear             |    12 |       ||    12
       Dagger            |     2 |     4 ||     6
       Headbutt          |     2 |       ||     2
 Cast: Foxfire           |    55 |     5 ||    60
       Beastly Appendage |     2 |       ||     2
       Blink             |       |     2 ||     2
  Use: Scroll            |     3 |       ||     3
       Potion            |       |     1 ||     1
Armor: Robe              |     4 |     1 ||     5
       Skin              |       |     9 ||     9
Dodge: Dodged            |    22 |    13 ||    35

Levels and vault maps discovered:
D:1:      dpeg_chamrin_arrival_tetris, layout_basic, minmay_unequal
D:2:      layout_rooms, serial_shops, shop,
          chequers_ecumenical_altar_simple_redux, eino_tiny_chamber

Notes
Turn   | Place    | Note
-------+----------+-------------------------------------------
     0 | D:1      | spiderkeys the Djinni Fire Elementalist began the quest for
                  | the Orb.
     0 | D:1      | Reached XP level 1. HP: 15/15 MP: 0/0
     0 | D:1      | magus.rc [v1.9.10]
   311 | D:1      | Reached XP level 2. HP: 21/22 MP: 0/0
   391 | D:1      | Reached skill level 1 in Fighting
   701 | D:1      | Reached skill level 3 in Spellcasting
   785 | D:1      | Reached XP level 3. HP: 26/27 MP: 0/0
   785 | D:1      | Learned a level 1 spell: Beastly Appendage
   945 | D:1      | Reached skill level 3 in Dodging
  1438 | D:2      | Found a faded altar of an unknown god.
  1472 | D:2      | Noticed an ogre
  1479 | D:2      | Killed an ogre
  1480 | D:2      | Reached skill level 2 in Fighting
  1480 | D:2      | Reached XP level 4. HP: 26/34 MP: 0/0
  1480 | D:2      | Reached XP level 5. HP: 30/39 MP: 0/0
  1480 | D:2      | Learned a level 2 spell: Blink
  1638 | D:2      | HP: 9/39 [killer bee (7)]
  1639 | D:2      | HP: 4/39 [killer bee (5)]
  1648 | D:1      | HP: 1/58 [killer bee (2)]
  1649 | D:1      | Slain by a killer bee

Vanquished Creatures
  An ogre (D:2)
  3 dart slugs (D:1)
  5 ball pythons
  4 endoplasms
  A giant cockroach (D:1)
  3 goblins (D:1)
  2 hobgoblins (D:1)
  4 jackals (D:1)
  2 kobolds
  A quokka (D:1)
  4 bats
  2 frilled lizards (D:1)
  4 rats (D:1)
36 creatures vanquished.

Vanquished Creatures (others)
  93 foxfires
93 creatures vanquished.

Grand Total: 129 creatures vanquished

Table legend:
 A = Non-vault XP
 B = Vault XP
 C = Vault XP percentage of total XP
 D = Non-vault monster count
 E = Vault monster count
 F = Vault count percentage of total count
                 A         B        C        D         E       F
            +---------+---------+-------+---------+---------+-------
      Total |     179 |       4 |   2.2 |      34 |       2 |   5.6
            +---------+---------+-------+---------+---------+-------
        D:1 |      55 |       4 |   6.8 |      29 |       2 |   6.5
        D:2 |     124 |       0 |   0.0 |       5 |       0 |   0.0
            +---------+---------+-------+---------+---------+-------

Illustrated notes

Table legend:
 A = Kills in this place as a percentage of kills in entire the game.
 B = Kills by you in this place as a percentage of kills by you in the entire game.
 C = Kills by friends in this place as a percentage of kills by friends in the entire game.
 D = Other kills in this place as a percentage of other kills in the entire game.
 E = Experience gained in this place as a percentage of experience gained in the entire game.
 F = Experience gained in this place divided by the number of levels of this place that you have seen.
                   A       B       C       D       E      F
               +-------+-------+-------+-------+-------+----------------------
         Total | 100.0 | 100.0 |   N/A |   N/A | 100.0 |  91.5
       Dungeon | 100.0 | 100.0 |   N/A |   N/A | 100.0 |  91.5
               +-------+-------+-------+-------+-------+----------------------

Table legend: (Time is in decaauts)
 A = Elapsed time spent in this place.
 B = Non-inter-level travel time spent in this place.
 C = Inter-level travel time spent in this place.
 D = Time resting spent in this place.
 E = Time spent auto-exploring this place.
 F = Levels seen in this place.
 G = Mean time per level.
                   A        B        C        D        E       F      G
               +--------+--------+--------+--------+--------+-----+--------+
         Total |   1649 |   1637 |     12 |      0 |   1392 |   2 |  824.5 |
       Dungeon |   1649 |   1637 |     12 |      0 |   1392 |   2 |  824.5 |
               +--------+--------+--------+--------+--------+-----+--------+

Top non-repeatable levels by time:
     D:1: 1445 daAuts
     D:2: 203 daAuts
